AoeStats
← *MJT-Iwnl*

Arena

508462273Analyzed
1v1 RM · 10d ago on Sep 22, 2026· 28m 23s· 2 players
Game mode
Random Map
Map size
Tiny (2 player)
Population
200
Speed
Normal
Resources
Standard
Victory
Conquest
Starting age
Dark Age
Ending age
Imperial Age
RankedLock teamsTeams togetherTeam positionsShared explorationLock speedFull tech treeHidden civsTurbo modeCheats
Victory
Defeat
🇨🇳 Turks · China
914
+17
🇩🇪 Khmer · Germany
937
-17
林雪飞
8:31 Loom
10:38 Feudal Age
11:10 Double-Bit Axe
11:08 Horse Collar
17:57 Castle Age
16:32 Gold Mining
20:03 Bow Saw
19:59 Heavy Plow
23:13 Imperial Age
23:33 Stone Mining
24:31 Stone Mining
27:15 Padded Archer Armor
*MJT-Iwnl*
7:10 Loom
10:23 Feudal Age
13:48 Castle Age
12:14 Double-Bit Axe
13:09 Horse Collar
16:08 Heavy Plow
17:17 Wheelbarrow
20:53 Fervor
24:37 Hand Cart
24:08 Town Watch
28:56 Imperial Age
Connection lost

Rejoining the realm…

Still unreachable

The connection could not be restored.

Session expired

The server has moved on; the page needs a fresh start.